 Dungeon Crawl Stone Soup version 0.28-a0-957-g42eb19b844 (webtiles) character file.

Game seed: 8070979705831690824

70199 meatgazer the Severer (level 14, -6/133 HPs)
             Began as a Minotaur Abyssal Knight on Nov 30, 2021.
             Was the Champion of Lugonu.
             Killed from afar by a fire giant (35 damage)
             ... with a bolt of fire
             ... on level 15 of the Dungeon.
             The game lasted 00:41:48 (27737 turns).

meatgazer the Severer (Minotaur Abyssal Knight)    Turns: 27737, Time: 00:41:49

Health: -6/133     AC: 21    Str: 35    XL:     14   Next: 93%
Magic:  0/25       EV: 11    Int: 12    God:    Lugonu [******]
Gold:   1221       SH:  5    Dex: 16    Spells: 13/13 levels left

rFire   . . .      SeeInvis .   n - +8 demon trident "Rift" {distort, reach+}
rCold   . . .      Faith    .   B - +0 buckler
rNeg    . . .      Spirit   +   M - +6 scale mail of the Guilds {Harm Str+5}
rPois   .          Reflect  .   (helmet restricted)
rElec   .          Harm     +   r - +1 cloak
rCorr   .          Rampage  .   o - +1 pair of gloves
Will    +....      Clarity  +   J - +0 pair of boots of the Cartwright {Str+2 Int+3}
Stlth   ..........              I - amulet of guardian spirit
HPRegen 0.32/turn               c - +6 ring of dexterity
MPRegen 0.19/turn               F - +6 ring of strength

@: studying 3 skills
A: horns 2, retaliatory headbutt, clarity, deterioration 1
a: Renounce Religion, Depart the Abyss, Bend Space, Banish, Corrupt, Enter the
Abyss, Brand Weapon With Distortion


You were on level 15 of the Dungeon.
You worshipped Lugonu.
Lugonu was exalted by your worship.
You visited 3 branches of the dungeon, and saw 22 of its levels.
You visited the Abyss 1 time.
You also visited: Ossuary, Ice Cave and Volcano.

You collected 3401 gold pieces.
You spent 2180 gold pieces at shops.

Inventory:

Hand Weapons
 n - the +8 demon trident "Rift" (weapon) {distort, reach+}
   (You found it on level 6 of the Dungeon)

   It warps and distorts space around it, and may blink, banish, or inflict
   extra damage upon those it strikes.
   Unwielding it can cause banishment or high damage.
   It can reach especially far, and its reaching attacks ignore other creatures
   in the way.
Armour
 h - the +3 pair of seven-league boots {Rampage+∞}
   (You bought it in a shop on level 2 of the Dungeon)

   Its wearer moves as far as possible in that direction when moving towards
   enemies.
 o - a +1 pair of gloves (worn)
 r - a +1 cloak (worn)
 B - a +0 buckler (worn)
 J - the +0 pair of boots of the Cartwright (worn) {Str+2 Int+3}
   (You found it on level 12 of the Dungeon)

   Str:       It affects your strength (+2).
   Int:       It affects your intelligence (+3).
 M - the +6 scale mail of the Guilds (worn) {Harm Str+5}
   (You bought it in a shop on level 2 of the Orcish Mines)

   Str:       It affects your strength (+5).
   Harm:      It increases damage dealt and taken.
Jewellery
 c - a +6 ring of dexterity (left hand)
 k - a ring of fire
 q - the ring of the Monkey's Uncle {rN+ Will+ MP+9 Int-3}
   (You found it in an ossuary)

   [ring of magical power]

   Int:       It affects your intelligence (-3).
   rN:        It protects you from negative energy.
   MP:        It affects your magic capacity (+9).
   Will:      It increases your willpower.
 t - a ring of see invisible
 A - a ring of poison resistance
 E - the ring "Paat" {Wiz rN+}
   (You found it in an ice cave)

   [ring of wizardry]

   It improves your spell success rate.
   rN:        It protects you from negative energy.
 F - a +6 ring of strength (right hand)
 I - an amulet of guardian spirit (around neck)
Wands
 a - a wand of flame (17)
 l - a wand of digging (5)
 w - a wand of paralysis (21)
 x - a wand of polymorph (14)
 C - a wand of mindburst (15)
 K - a wand of iceblast (18)
Scrolls
 b - 4 scrolls of amnesia
 e - 2 scrolls of enchant weapon
 p - 5 scrolls of fear
 u - 2 scrolls of fog
 y - 3 scrolls of silence
 z - 16 scrolls of identify
Potions
 d - 5 potions of magic
 f - 3 potions of haste
 g - 2 potions of ambrosia
 i - 3 potions of cancellation
 j - 13 potions of curing
 m - 3 potions of brilliance
 v - 4 potions of attraction
 G - a potion of flight
 H - a potion of invisibility
 L - 2 potions of resistance
 O - a potion of berserk rage
 P - 2 potions of heal wounds
Miscellaneous
 s - a box of beasts (inert)


   Skills:
 + Level 14.3 Fighting
 - Level 16.8(17.3) Axes
 + Level 7.2(13.0) Polearms
 + Level 11.9 Armour
 - Level 1.1 Dodging
 - Level 4.1 Shields
 * Level 16.3 Invocations
 + Level 10.3 Evocations


You had 13 spell levels left.
You didn't know any spells.
Your spell library contained the following spells:

 Spells                   Type           Power      Damage    Failure   Level
 Animate Skeleton         Necr           0%         N/A       47%         1
 Beastly Appendage        Tmut           0%         N/A       47%         1
 Magic Dart               Conj           0%         1d3       47%         1
 Pain                     Necr           0%         1d4       47%         1
 Blink                    Tloc           0%         N/A       63%         2
 Call Imp                 Summ           0%         N/A       63%         2
 Corpse Rot               Necr/Air       0%         N/A       63%         2
 Ensorcelled Hibernation  Hex/Ice        0%         N/A       63%         2
 Poisonous Vapours        Pois/Air       0%         N/A       63%         2
 Wereblood                Tmut           0%         N/A       63%         2
 Gell's Gravitas          Tloc           0%         N/A       85%         3
 Ignite Poison            Fire/Tmut/Pois 0%         N/A       85%         3
 Lesser Beckoning         Tloc           0%         N/A       85%         3
 Mephitic Cloud           Conj/Pois/Air  0%         N/A       85%         3
 Portal Projectile        Hex/Tloc       0%         N/A       85%         3
 Spider Form              Tmut/Pois      0%         N/A       85%         3
 Teleport Other           Tloc           0%         N/A       85%         3
 Vampiric Draining        Necr           0%         2d6       85%         3
 Hailstorm                Conj/Ice       0%         3d3       99%         4
 Ice Form                 Ice/Tmut       0%         N/A       99%         4
 Olgreb's Toxic Radiance  Pois           0%         N/A       99%         4
 Blade Hands              Tmut           0%         N/A       100%        5
 Excruciating Wounds      Necr           0%         N/A       100%        5
 Freezing Cloud           Conj/Ice/Air   0%         6-21      100%        5
 Manifold Assault         Tloc           0%         N/A       100%        5
 Dispersal                Tloc           0%         N/A       100%        6
 Simulacrum               Ice/Necr       0%         N/A       100%        6
 Ozocubu's Refrigeration  Ice            0%         4d5       100%        7
 Disjunction              Tloc           0%         N/A       100%        8
 Ignition                 Fire           0%         3d3       100%        8


Dungeon Overview and Level Annotations

Branches:
Dungeon (13/15)            Temple (0/1) D:4            Lair (6/6) D:10
  Swamp (0/4) Lair:2       Spider (0/4) Lair:3        Slime (0/5) Lair:5
    Orc (2/2) D:11            Elf (0/3) Orc:2        Depths (0/4) D:15
Ossuary (visited)           IceCv (visited)         Volcano (visited)
 Vaults: D:13-14

Altars:
Cheibriados
Elyvilon
Fedhas
Kikubaaqudgha
Nemelex Xobeh
Sif Muna
Trog
Vehumet
Beogh
Jiyva

Shops:
D:2 *[*[(   D:6 *   D:7 !   Orc:2 **[:

Annotations:
Lair:6 1 runed translucent door, bronco's ghost, journeyman HOFi


Innate Abilities, Weirdness & Mutations

You have a pair of horns on your head.
You reflexively headbutt those who attack you in melee.
You possess an exceptional clarity of mind.
Your body sometimes deteriorates upon taking damage.


Message History

The meliai hits you with a +0 hand axe!
The meliai stings you but does no damage.
The meliai calls down the wrath of its god upon you.
Something smites you! The meliai barely misses you. x2
You puncture the meliai!
Space warps around the meliai.
You kill the meliai!
Lugonu accepts your kill.
Your surroundings suddenly seem different.
Found 14 gold pieces.
No target in view!
Found a staircase to the Depths.
A fire giant comes into view.
It is wielding a +1 great sword of flaming.
Found a scroll of teleportation.
The fire giant shouts!
The fire giant moves out of view.
A fire dragon comes into view.
The fire dragon roars deafeningly!
The fire dragon moves out of view.
The fire dragon breathes flames at you. The blast of flame hits you!!
You impale the fire dragon!!
Space warps around the fire dragon.
You headbutt the fire dragon!
The fire dragon is heavily wounded.
The fire dragon breathes flames at you. The blast of flame hits you!!
You are too injured to fight recklessly!
You hit the fire dragon but do no damage.
Your headbutt misses the fire dragon.
The fire dragon is heavily wounded.
You impale the fire dragon!! You headbutt the fire dragon!
You kill the fire dragon!
Lugonu accepts your kill.
The fire dragon scales are intact enough to wear.
The fire giant gestures at you while chanting.
The fireball explodes!
The fireball engulfs you!!
* * * LOW HITPOINT WARNING * * *
You hear a shout!
The fire giant points at you and mumbles some strange words.
The bolt of fire hits you!!
You die...

#..###...≈.§.≈..$.##...
#.###....≈≈#≈≈..§.##.#.
#..##...#≈≈≈§≈#§§§.#...
##....≈§§≈≈.≈§≈§§§....
###...≈≈≈..§≈≈≈..##..
#..≈#≈C.>§§≈#≈... #.
##..§≈≈.§§≈§≈..## ##
#.§≈≈§≈.≈≈ # #.@.#≈.§≈
# #....≈≈.≈≈ .
##...§.§.≈ .. .........
... ....#...#
...#####.# ..## . ###


You could see a fire giant.

Vanquished Creatures
  An ettin (Orc:1)
  2 fire dragons
  2 hydras (Lair:6)
  2 boulder beetles
  A centaur warrior (Orc:2)
  5 two-headed ogres
  A death knight (D:12)
  7 death yaks (Lair:6)
  A bog body (IceCv)
  A phantasmal warrior (D:12)
  2 deep elf pyromancers (D:12)
  A wizard (D:15)
  Pikel (D:8)
  3 cyclopes
  A guardian serpent (D:12)
  A manticore (D:11)
  5 black mambas
  An ice statue (IceCv)
  2 gargoyles (D:12)
  17 cane toads
  2 rime drakes
  6 komodo dragons
  Psyche (D:8)
  4 kobold demonologists
  2 tengu conjurers
  An efreet (D:13)
  2 entropy weaver simulacra (IceCv)
  2 anaconda simulacra (IceCv)
  An ice devil (IceCv)
  7 hornets
  A meliai (D:15)
  4 trolls
  6 polar bears
  A wolf spider simulacrum (D:12)
  8 dream sheep
  12 blink frogs
  A shadow (D:9)
  36 yaks
  14 spriggans (Lair:6)
  2 wyverns
  3 dire elephant simulacra (IceCv)
  A redback (Lair:3)
  A wraith (D:10)
  Eustachio (D:4)
  A basilisk (Lair:6)
  4 vampire mosquitoes
  A steam dragon (Volcano)
  2 wargs
  20 water moccasins
  3 hell hounds (Volcano)
  2 acid dragons
  38 orc warriors
  A sky beast (D:7)
  5 black bears
  14 wolves (Lair:6)
  6 necrophages
  12 centaurs
  2 boggarts (Lair:6)
  4 ogres
  A phantom (D:7)
  11 bullfrogs
  4 kobold brigands
  8 two-headed ogre simulacra (IceCv)
  A gnoll sergeant (D:9)
  15 scorpions
  A wyvern zombie (D:6)
  5 killer bees (D:10)
  2 elephant simulacra (IceCv)
  11 wights
  5 howler monkeys
  2 electric eels
  7 centaur zombies
  2 bullfrog zombies
  A jelly (D:5)
  2 hounds (D:7)
  A centaur skeleton (D:7)
  A bullfrog skeleton (D:5)
  2 human zombies (Ossuary)
  13 orc priests
  2 gnoll shamans
  An iguana (D:5)
  2 troll simulacra (IceCv)
  5 scorpion zombies (Ossuary)
  24 orc wizards
  3 polar bear simulacra (IceCv)
  5 spriggan simulacra (IceCv)
  2 wolf simulacra (IceCv)
  3 mummies (Ossuary)
  17 gnolls
  11 adders
  7 naga simulacra (IceCv)
  4 white imps (IceCv)
  6 ufetubi (IceCv)
  A worm zombie (D:5)
  An adder skeleton (D:4)
  2 worms
  3 dart slugs
  89 orcs
  8 endoplasms
  3 giant cockroaches
  6 goblins
  9 hobgoblins
  2 jackals (D:2)
  17 kobolds
  2 quokkas
  8 ball pythons
  4 bats
  A frilled lizard (D:1)
  2 gnoll zombies
  3 goblin zombies (Ossuary)
  4 hobgoblin zombies
  2 kobold zombies (Ossuary)
  An orc zombie (Ossuary)
  3 rats
649 creatures vanquished.

Vanquished Creatures (collateral kills)
  A bog body (IceCv)
  2 orc warriors (Orc:1)
  2 orc priests (Orc:1)
  3 orcs (Orc:1)
8 creatures vanquished.

Vanquished Creatures (others)
  An orc wizard (D:10)
  57 fungi
  99 plants
  2 starspawn tentacles (Abyss:2)
159 creatures vanquished.

Grand Total: 816 creatures vanquished

Notes
Turn   | Place    | Note
-------+----------+-------------------------------------------
     0 | Abyss:1  | meatgazer the Minotaur Abyssal Knight began the quest for
                  | the Orb.
     0 | Abyss:1  | Reached XP level 1. HP: 19/19 MP: 1/1
    31 | Abyss:2  | Noticed a small abomination
    37 | Abyss:2  | Noticed an ancient zyme
    71 | Abyss:2  | Noticed a tentacled starspawn
    75 | Abyss:2  | Noticed a small abomination
    79 | D:1      | Escaped the Abyss
   508 | D:1      | Reached XP level 2. HP: 27/27 MP: 2/2
   757 | D:1      | Found a faded altar of an unknown god.
   952 | D:1      | Reached * piety under Lugonu
  1550 | D:2      | Found Homaj's General Store.
  1559 | D:2      | Bought a potion of heal wounds for 65 gold pieces
  1683 | D:2      | Reached XP level 3. HP: 32/33 MP: 3/3
  1690 | D:2      | Found Roto's Assorted Antiques.
  1713 | D:2      | Bought a scroll labelled WOMUM ZOSO for 22 gold pieces
  1713 | D:2      | Acquired 1023 gold pieces
  1755 | D:2      | Found Wacagguv's Weapon Boutique.
  2031 | D:2      | Found Eqeitaic's Armour Shop.
  2042 | D:2      | Reached ** piety under Lugonu
  2127 | D:2      | Found Wyimec's Armour Shoppe.
  2137 | D:2      | Bought the +3 pair of seven-league boots {Rampage+∞} for
                  | 480 gold pieces
  2137 | D:2      | Found the +3 pair of seven-league boots {Rampage+∞}
  2376 | D:3      | Noticed a bullfrog
  2378 | D:3      | Reached XP level 4. HP: 41/41 MP: 5/5
  3069 | D:4      | Reached XP level 5. HP: 47/47 MP: 6/6
  3086 | D:4      | Found a staircase to the Ecumenical Temple.
  3459 | D:2      | Bought quicksilver dragon scales for 660 gold pieces
  3747 | D:4      | Noticed Eustachio
  3761 | D:4      | Killed Eustachio
  3762 | D:4      | Reached skill level 5 in Fighting
  3762 | D:4      | Reached XP level 6. HP: 54/56 MP: 8/8
  3971 | D:5      | Entered Level 5 of the Dungeon
  3973 | D:5      | Found a white marble altar of Elyvilon.
  3979 | D:5      | Found a sand-covered staircase.
  3994 | Ossuary  | Entered an ossuary
  4017 | Ossuary  | Reached *** piety under Lugonu
  4033 | Ossuary  | Reached skill level 5 in Invocations
  4034 | Ossuary  | Reached skill level 5 in Axes
  4040 | Ossuary  | Reached XP level 7. HP: 39/62 MP: 8/10
  4594 | Ossuary  | Reached XP level 8. HP: 58/71 MP: 10/12
  4690 | Ossuary  | Identified the ring of the Monkey's Uncle {rN+ Will+ MP+9
                  | Int-3}
  5447 | D:5      | Reached **** piety under Lugonu
  5630 | D:6      | Found Feykhloa's Fabulous Fripperies.
  5646 | D:6      | Found the +8 demon trident "Rift" {distort, reach+}
  5751 | D:6      | Reached XP level 9. HP: 75/81 MP: 14/14
  5972 | D:6      | Gained mutation: You have a pair of large horns on your
                  | head. [potion of mutation]
  5972 | D:6      | Gained mutation: You sometimes lose the ability to read
                  | scrolls when taking damage. [potion of mutation]
  7047 | D:7      | Noticed a torpor snail
  7049 | D:7      | Found a snail-covered altar of Cheibriados.
  7049 | D:7      | Noticed a torpor snail
  7051 | D:7      | Noticed a torpor snail
  7172 | D:7      | Found Nipy's Distillery.
  7179 | D:7      | Bought a potion of mutation for 104 gold pieces
  7179 | D:7      | Lost mutation: You sometimes lose the ability to read
                  | scrolls when taking damage. [potion of mutation]
  7179 | D:7      | Lost mutation: You have a pair of large horns on your head.
                  | [potion of mutation]
  7179 | D:7      | Gained mutation: Your body sometimes deteriorates upon
                  | taking damage. [potion of mutation]
  7179 | D:7      | Gained mutation: You possess an exceptional clarity of
                  | mind. [potion of mutation]
  7193 | D:7      | Found a bloodstained altar of Trog.
  7657 | D:8      | Noticed Psyche
  7665 | D:8      | Killed Psyche
  7666 | D:8      | Reached skill level 10 in Invocations
  7670 | D:8      | Reached skill level 10 in Axes
  7730 | D:8      | Noticed Pikel
  7738 | D:8      | Killed Pikel
  7739 | D:8      | Reached XP level 10. HP: 70/91 MP: 16/16
  7831 | D:8      | Found a sparkling altar of Nemelex Xobeh.
  7936 | D:8      | Reached ***** piety under Lugonu
  8148 | D:8      | Reached skill level 5 in Armour
  9002 | D:9      | Paralysed by a hornet for 3 turns
  9929 | D:10     | Entered Level 10 of the Dungeon
  9934 | D:10     | Reached skill level 10 in Fighting
 10133 | D:10     | Noticed a two-headed ogre
 10140 | D:10     | Killed a two-headed ogre
 10141 | D:10     | Reached XP level 11. HP: 65/101 MP: 18/18
 10186 | D:10     | Found a staircase to the Lair.
 10576 | D:10     | Found a blossoming altar of Fedhas.
 10580 | D:10     | Found an ancient bone altar of Kikubaaqudgha.
 10581 | D:10     | Found a shimmering blue altar of Sif Muna.
 10776 | D:10     | Noticed a two-headed ogre
 10782 | D:10     | Killed a two-headed ogre
 10783 | D:10     | Reached skill level 1 in Evocations
 11408 | D:10     | Found a radiant altar of Vehumet.
 11869 | D:11     | Noticed a two-headed ogre
 11873 | D:11     | Killed a two-headed ogre
 12016 | D:11     | Found a staircase to the Orcish Mines.
 12146 | D:11     | Noticed a two-headed ogre
 12147 | D:11     | Noticed a two-headed ogre
 12353 | D:11     | Acquired a manual of Evocations
 12402 | Lair:1   | Entered Level 1 of the Lair of Beasts
 14026 | Lair:2   | Found a dark tunnel.
 14035 | Volcano  | Entered a volcano
 14075 | Volcano  | Noticed a hell hog
 14078 | Volcano  | Banished a hell hog
 14249 | Volcano  | Noticed a fire dragon
 14264 | Volcano  | Killed a fire dragon
 14265 | Volcano  | Reached XP level 12. HP: 63/110 MP: 20/20
 14635 | Lair:2   | Found a staircase to the Swamp.
 15241 | Lair:3   | Reached skill level 5 in Evocations
 15488 | Lair:3   | Noticed a boulder beetle
 15490 | Lair:3   | Banished a boulder beetle
 16061 | Lair:3   | You fall into a shaft and drop 2 floors!
 16278 | Lair:5   | Reached skill level 15 in Axes
 16761 | Lair:5   | Noticed a five-headed hydra
 16768 | Lair:5   | Banished a five-headed hydra
 16933 | Lair:5   | Found a viscous altar of Jiyva.
 16933 | Lair:5   | Found a staircase to the Slime Pits.
 17075 | Lair:3   | Identified the +8 whip of Immorality {freeze, Dex+4 SInv}
 17107 | Lair:3   | Found a hole to the Spider Nest.
 17932 | Lair:4   | Reached XP level 13. HP: 114/119 MP: 22/22
 17958 | Lair:4   | Reached skill level 1 in Shields
 18021 | Lair:4   | Reached skill level 1 in Polearms
 19029 | Lair:6   | Entered Level 6 of the Lair of Beasts
 19032 | Lair:6   | Found a runed translucent door.
 19036 | Lair:6   | Noticed bronco's ghost (journeyman HOFi)
 19067 | Lair:6   | Reached skill level 10 in Armour
 20528 | Lair:6   | Reached skill level 15 in Invocations
 20770 | Lair:6   | Reached ****** piety under Lugonu
 21546 | Lair:6   | Reached XP level 14. HP: 75/129 MP: 24/24
 22293 | Lair:6   | Reached skill level 5 in Polearms
 22926 | Orc:1    | Entered Level 1 of the Orcish Mines
 23012 | Orc:2    | Entered Level 2 of the Orcish Mines
 23162 | Orc:2    | Found a staircase to the Elven Halls.
 24292 | Orc:2    | Found Reaweoph's Antique Armour Shoppe.
 24292 | Orc:2    | Found Wyregokh's Assorted Antiques.
 24294 | Orc:2    | Found Azaodabb's General Store.
 24296 | Orc:2    | Found Lazaem's Book Emporium.
 24818 | Orc:2    | Bought a masterwork ring mail for 342 gold pieces
 24818 | Orc:2    | Identified the +0 ring mail of Focus {rF+} (You bought it
                  | in a shop on level 2 of the Orcish Mines)
 24828 | Orc:2    | Bought a faintly humming scale mail for 342 gold pieces
 24828 | Orc:2    | Identified the +6 scale mail of the Guilds {Harm Str+5}
                  | (You bought it in a shop on level 2 of the Orcish Mines)
 24839 | Orc:2    | Bought a potion of heal wounds for 165 gold pieces
 25762 | D:12     | Found a frozen archway.
 25767 | IceCv    | Entered an ice cave
 26599 | IceCv    | Reached skill level 10 in Evocations
 26806 | IceCv    | Identified the ring "Paat" {Wiz rN+}
 27586 | D:12     | Identified the +0 pair of boots of the Cartwright {Str+2
                  | Int+3}
 27678 | D:13     | You fall into a shaft and drop 2 floors!
 27678 | D:15     | Entered Level 15 of the Dungeon
 27714 | D:15     | Found a staircase to the Depths.
 27715 | D:15     | Noticed a fire giant
 27737 | D:15     | Killed from afar by a fire giant

Illustrated notes

Levels and vault maps discovered:
D:1:      psy_arrival_fountain, layout_loops_corners,
          hellmonk_ecumenical_altar_crossroads
D:2:      layout_basic, serial_shops, nicolae_lakefront_shop,
          nicolae_diamond_shop, nicolae_lakefront_shop, shop, shop_statue
D:3:      layout_rooms, serial_curves, eino_curves_02, eino_curves_04,
          lightli_corner_chamber
D:4:      layout_loops_ring, minmay_temple_entry_large_hall, uniq_eustachio
D:5:      layout_cave_pools, old_standard_altar, enter_ossuary_3,
          minmay_manual_mares
D:6:      layout_loops_ring, serial_rivers, chequers_serial_rivers_room_b,
          chequers_serial_rivers_micro_a, chequers_serial_rivers_large_b,
          chequers_serial_rivers_marsh, chequers_serial_rivers_micro_c,
          chequers_serial_rivers_micro_c, nicolae_alphabet_shops,
          minmay_a_box_with_orc_wizards_in_it
D:7:      layout_loops_corners, mainiacjoe_overflow_tiny_flanked,
          cheibriados_altar_2, serial_shops, nicolae_shop_stone
D:8:      layout_cave_pools, mainiacjoe_overflow_brackets, minmay_misc_feat_iff,
          due_unseen_surprise, uniq_pikel, uniq_psyche
D:9:      layout_loops_ring
D:10:     layout_rooms, minitemple, old_standard_altar,
          due_lair_maze_entry_diamond
D:11:     layout_rooms, david_orc_3, serial_corexii_hall,
          chequers_hall_statues_corner_a, chequers_hall_statues_wall_a,
          kennysheep_minor_cross
D:12:     layout_roguey, portal_ice_cave_rime,
          hellmonk_guarded_unrand_seven_league_boots
D:13:     layout_basic, gauntlet_entry_generic
D:15:     grunt_enter_depths_giant_problem, layout_rooms,
          minmay_misc_feat_hallway
Lair:1:   layout_roguey, serial_bayou, serial_bayou_pond_a, serial_bayou_ford_a,
          serial_bayou_crossing, serial_bayou_pond_e, grunt_megastairs_3
Lair:2:   layout_chaotic_city, swamp_mist_pool, nicolae_volcano_entry_lava_flow
Lair:3:   layout_layer_cave, spider_nest_entry_webs, grunt_megastairs_4,
          infiniplex_staircase_pool, serial_bayou_shore_b
Lair:4:   layout_regular_city, roderic_carrion_pond, lemuel_fruit_tree,
          grunt_megastairs_5, serial_bayou_shore_b, serial_bayou_shore_a
Lair:5:   layout_roguey, dpeg_slime_entry_enclosed_altar
Lair:6:   minmay_lair_end_enchanted_forest, layout_cave_pods,
          ebering_ghost_inner_flame
Orc:1:    layout_caves, basic_altar
Orc:2:    st_orc_rangers, layout_caves, basic_altar

Skill      XL: |  1  2  3  4  5  6  7  8  9 10 11 12 13 14 |
---------------+-------------------------------------------+-----
Invocations    | 2 3 4 5 6 8 10 11 13 14 15 16 | 16.3
Fighting       | 4 5 6 7 9 10 11 12 13 14 | 14.3
Axes           | 3 4 5 6 7 10 12 13 15 16 | 16.8
Armour         | 4 6 8 9 10 11 | 11.9
Evocations     | 3 6 8 10 | 10.3
Shields        | 4 |  4.1
Polearms       | 4 7 |  7.2
Dodging        | |  1.1

Action                   |  1- 3 |  4- 6 |  7- 9 | 10-12 | 13-15 || total
-------------------------+-------+-------+-------+-------+-------++-------
Melee: Battleaxe         |    87 |    84 |   201 |   418 |       ||   790
       Headbutt          |    16 |    10 |    41 |    82 |   102 ||   251
       Demon trident     |       |       |       |     7 |   730 ||   737
Invok: Depart the Abyss  |     1 |       |       |       |       ||     1
       Banish            |       |       |       |     5 |     2 ||     7
Evoke: Wand              |       |       |       |       |     8 ||     8
       Box of beasts     |       |       |       |       |     3 ||     3
  Use: Scroll            |     5 |     4 |    14 |    10 |     7 ||    40
       Potion            |     1 |     4 |     5 |     6 |    13 ||    29
 Stab: Sleeping          |     2 |     1 |       |     1 |       ||     4
       Invisible         |       |       |     2 |       |       ||     2
       Distracted        |       |       |       |       |     5 ||     5
Armor: Leather armour    |    33 |    20 |       |       |       ||    53
       Quicksilver drago |       |    18 |   159 |   142 |       ||   319
       Plate armour      |       |       |       |    95 |   259 ||   354
       Scale mail        |       |       |       |       |    30 ||    30
Dodge: Dodged            |    48 |    53 |   135 |   180 |   137 ||   553
Block: Buckler           |       |       |       |       |   123 ||   123

Table legend: (Time is in decaauts)
 A = Elapsed time spent in this place.
 B = Non-inter-level travel time spent in this place.
 C = Inter-level travel time spent in this place.
 D = Time resting spent in this place.
 E = Time spent auto-exploring this place.
 F = Levels seen in this place.
 G = Mean time per level.
                   A        B        C        D        E       F      G
               +--------+--------+--------+--------+--------+-----+--------+
         Total |  27800 |  26742 |   1058 |   6865 |  16504 |  27 | 1029.6 |
       Dungeon |  12402 |  11675 |    727 |   2127 |   7984 |  14 |  885.9 |
          Lair |   9993 |   9729 |    264 |   3007 |   5826 |   6 | 1665.5 |
  Orcish Mines |   2412 |   2346 |     66 |    693 |   1305 |   2 | 1206.0 |
         Abyss |     78 |     78 |      0 |      0 |     20 |   2 |   39.0 |
       Ossuary |   1005 |   1005 |      0 |    486 |    306 |   1 | 1005.0 |
      Ice Cave |   1490 |   1490 |      0 |    470 |    802 |   1 | 1490.0 |
       Volcano |    417 |    417 |      0 |     80 |    261 |   1 |  417.0 |
               +--------+--------+--------+--------+--------+-----+--------+

Top non-repeatable levels by time:
  Lair:6: 3077 daAuts
  Lair:5: 1902 daAuts
     D:9: 1695 daAuts
  Lair:3: 1682 daAuts
  Lair:1: 1641 daAuts
   IceCv: 1490 daAuts
   Orc:2: 1435 daAuts
     D:1: 1425 daAuts
    D:10: 1423 daAuts
     D:6: 1168 daAuts
    D:11: 1152 daAuts
 Ossuary: 1005 daAuts
   Orc:1: 976 daAuts
     D:2: 973 daAuts
     D:4: 944 daAuts
